AoeStats
← [POKR]Benzunum

Oasis

507420788Analyzed
3v3 RM · 14d ago on Sep 18, 2026· 13m 24s· 6 players
Game mode
Random Map
Map size
Normal (6 player)
Population
200
Speed
Normal
Resources
Standard
Victory
Conquest
Starting age
Dark Age
Ending age
Imperial Age
RankedLock teamsTeams togetherTeam positionsShared explorationLock speedFull tech treeHidden civsTurbo modeCheats
Victory
Defeat
🇨🇴 Wei · Colombia
1236
+11
🇨🇴 Shu · Colombia
1229
+12
🇨🇴 Saracens · Colombia
1187
+13
🇦🇷 Huns · Argentina
1154
-13
🇨🇳 Magyars · China
1125
-12
🇨🇳 Cumans · China
1108
-11
ICAC
11:18 Feudal Age
12:11 Loom
15:18 Castle Age
Dio
11:42 Feudal Age
11:24 Loom
小敏
7:06 Loom
10:21 Feudal Age
15:01 Castle Age
Splattcol
6:56 Loom
9:21 Feudal Age
9:55 Double-Bit Axe
11:37 Fletching
[POKR]Benzunum
10:53 Feudal Age
15:05 Castle Age
Tizon
0:29 Loom
6:13 Loom
11:59 Feudal Age
Connection lost

Rejoining the realm…

Still unreachable

The connection could not be restored.

Session expired

The server has moved on; the page needs a fresh start.